 Dungeon Crawl Stone Soup version 0.29-a0-418-gc0181ea820 (webtiles) character file.

Game seed: 6611757881166102956

9 sammy202020 the Skirmisher (level 2, 24/24 HPs)
             Began as a Demonspawn Berserker on May 17, 2022.
             Was a Follower of Trog.
             Quit the game on level 1 of the Dungeon.
             The game lasted 00:00:35 (378 turns).

sammy202020 the Skirmisher (Demonspawn Berserker)    Turns: 378, Time: 00:00:35

Health: 24/24      AC:  5    Str: 17    XL:     2   Next: 6%
Magic:  2/2        EV: 11    Int:  8    God:    Trog [*.....]
Gold:   0          SH:  0    Dex: 12    Spells: 1/1 levels left

rFire   . . .      SeeInvis .   a - +0 hand axe
rCold   . . .      Faith    .   (no shield)
rNeg    . . .      Spirit   .   d - +0 ring mail
rPois   .          Reflect  .   (no helmet)
rElec   .          Harm     .   (no cloak)
rCorr   .          Rampage  .   (no gloves)
Will    .....                   (no boots)
Stlth   +.........              (no amulet)
HPRegen 0.08/turn               (no ring)
MPRegen 0.08/turn               (no ring)

@: no status effects
A: claws 1
a: Renounce Religion, Berserk


You were on level 1 of the Dungeon.
You worshipped Trog.
Trog was aware of your devotion.
You visited 1 branch of the dungeon, and saw 1 of its levels.

Inventory:

Hand Weapons
 a - a +0 hand axe (weapon)
Armour
 d - a +0 ring mail (worn)
Scrolls
 c - 3 scrolls of teleportation {unknown}


   Skills:
 * Level 3.2 Fighting
 * Level 2.8 Axes
 + Level 2.0 Armour
 + Level 1.9 Dodging


You had one spell level left.
You didn't know any spells.
Your spell library was empty.

Dungeon Overview and Level Annotations

Branches:
Dungeon (1/15)

Altars:


Innate Abilities, Weirdness & Mutations

You have sharp fingernails.


Message History

You drop a +0 animal skin.
A quokka comes into view.
A quokka is nearby!
A quokka is nearby!
A ball python comes into view.
The ball python hisses angrily.
You hear an angry hiss.
The quokka closely misses you. The quokka barely misses you.
A frilled lizard comes into view.
You barely miss the quokka. The quokka closely misses you.
You hit the quokka but do no damage. The quokka barely misses you.
You slash the quokka!
You kill the quokka!
Trog accepts your kill. The ball python closely misses you.
The ball python grabs you. The ball python constricts you.
You have reached level 2!
Your demonic ancestry asserts itself...
Your fingernails lengthen.
You hit the ball python.
You kill the ball python!
Trog accepts your kill.
Your Armour skill increases to level 2!
Found 12 stones.
You closely miss the frilled lizard. You claw the frilled lizard.
You kill the frilled lizard!
Trog accepts your kill.
No target in view!
No target in view!
No target in view!
No target in view!
No target in view!
No target in view!
No target in view!
No target in view!
No target in view!
No target in view!
No target in view!
No target in view!
No target in view!
Are you sure you want to abandon this character and quit the game? (Confirm with "yes".)

########
########......#
(.............#
..............#
..............###
................##
..............[..#
#.... #...†..........#
#....
###.@†........###....
#.........)..##....
.......######..#.##....
....#.## ###..#.##....
....... ..............
####.#. ####.#........
...## #.#.###.... #.#
..#.###.... ..
###.#....##


There were no monsters in sight!

Vanquished Creatures
  A bat (D:1)
  2 goblins (D:1)
  2 hobgoblins (D:1)
  A quokka (D:1)
  A ball python (D:1)
  A frilled lizard (D:1)
8 creatures vanquished.

Notes
Turn   | Place    | Note
-------+----------+-------------------------------------------
     0 | D:1      | sammy202020 the Demonspawn Berserker began the quest for
                  | the Orb.
     0 | D:1      | Reached XP level 1. HP: 18/18 MP: 1/1
   375 | D:1      | Gained mutation: You have sharp fingernails. [demonic
                  | ancestry]
   375 | D:1      | Reached XP level 2. HP: 24/24 MP: 2/2
   378 | D:1      | Quit the game

Illustrated notes

Levels and vault maps discovered:
D:1:      dpeg_arrival_rooms_c, layout_basic, item_on_display_a

Skill      XL: |  1  2 |
---------------+-------+-----
Armour         | 2 |  2.0
Fighting       | |  3.2
Axes           | |  2.8
Dodging        | |  1.9

Action                   || total
-------------------------++-------
Melee: Hand axe          ||    16
       Punch             ||     1
Armor: Animal skin       ||     1
Dodge: Dodged            ||    15

Table legend: (Time is in decaauts)
 A = Elapsed time spent in this place.
 B = Non-inter-level travel time spent in this place.
 C = Inter-level travel time spent in this place.
 D = Time resting spent in this place.
 E = Time spent auto-exploring this place.
 F = Levels seen in this place.
 G = Mean time per level.
                   A        B        C        D        E       F      G
               +--------+--------+--------+--------+--------+-----+--------+
         Total |    380 |    380 |      0 |      0 |    314 |   1 |  380.0 |
       Dungeon |    380 |    380 |      0 |      0 |    314 |   1 |  380.0 |
               +--------+--------+--------+--------+--------+-----+--------+

Top non-repeatable levels by time:
     D:1: 380 daAuts
